Map: Prion Terraces

Players

GabberJenson - Winner!

  • Race: Protoss Protoss

PHENIGS

  • Race: Terran Terran

VOD

Have the link to the VOD?

Description

Time

  • Played on: May 7, 2016, 6:03 a.m.
  • Length: 8:51
Show
View Real Time Build Order
Export as new Build Order

GabberJenson Protoss - Winner!

Build Orders:  

Get SALT Encoding   

  12  0:01  Probe (Chrono Boost)  
  13  0:12  Probe (Chrono Boost)  
  14  0:18  Pylon  
  14  0:22  Probe (Chrono Boost)  
  15  0:37  Probe (Chrono Boost)  
  16  0:47  Probe (Chrono Boost)  
  16  0:49  Gateway  
  17  0:57  Gateway  
  17  0:58  Probe (Chrono Boost)  
  17  1:02  Assimilator  
  18  1:08  Probe (Chrono Boost)  
  19  1:30  Probe (Chrono Boost)  
  19  1:31  Pylon  
  20  1:44  Zealot  
  22  1:49  Zealot  
  22  1:53  Pylon  
  23  2:04  Probe (Chrono Boost)  
  23  2:06  Assimilator  
  24  2:13  Cybernetics Core  
  24  2:17  Zealot x2  
  28  2:24  Probe (Chrono Boost)  
  29  2:43  Gateway  
  29  2:44  Probe (Chrono Boost)  
  30  3:02  Stalker x2  
  34  3:07  Warp Gate  
  34  3:19  Twilight Council, Probe (Chrono Boost)  
  35  3:28  Robotics Facility  
  35  3:52  Nexus  
  35  4:00  Stalker  
  35  4:01  Stalker  
  39  4:20  Pylon  
  39  4:25  Pylon  
  39  4:38  Stalker  
  41  5:11  Probe (Chrono Boost)  
  42  5:20  Pylon  
  42  5:22  Probe (Chrono Boost)  
  43  5:32  Probe (Chrono Boost)  
  44  5:43  Probe (Chrono Boost)  
  44  5:44  Stalker x2  
  49  5:50  Blink  
  49  5:53  Probe (Chrono Boost)  
  51  6:04  Probe (Chrono Boost)  
  51  6:05  Assimilator  
  51  6:06  Assimilator  
  51  6:13  Stalker x3  
  51  6:15  Probe (Chrono Boost)  
  58  6:25  Pylon, Probe (Chrono Boost)  
  59  6:26  Pylon  
  59  6:36  Probe (Chrono Boost)  
  60  6:44  Stalker x3  
  60  6:46  Probe (Chrono Boost)  
  67  6:55  Immortal  
  67  6:57  Probe (Chrono Boost)  
  72  7:07  Probe (Chrono Boost)  
  73  7:15  Zealot x3  
  79  7:18  Probe (Chrono Boost)  
  80  7:28  Probe (Chrono Boost)  
  81  7:34  Immortal  
  85  7:37  Zealot x3  
  85  7:39  Probe (Chrono Boost)  
  76  8:06  Stalker x3  
  70  8:23  Probe x2 (Chrono Boost)  
  68  8:33  Probe (Chrono Boost)  
  69  8:40  Stalker x2  
  69  8:41  Stalker  
Show
View Real Time Build Order
Export as new Build Order

PHENIGS Terran 

Build Orders:  

Get SALT Encoding   

  12  0:01  SCV  
  13  0:16  SCV  
  14  0:29  SCV  
  14  0:30  Supply Depot  
  15  0:51  SCV  
  15  0:55  Barracks  
  16  1:01  Refinery  
  16  1:03  SCV  
  17  1:15  SCV  
  17  1:17  Supply Depot  
  18  1:27  SCV  
  19  1:39  SCV  
  20  1:42  Refinery  
  20  1:46  Marine  
  21  1:52  SCV  
  22  2:04  SCV  
  23  2:11  Marine  
  24  2:16  SCV  
  25  2:24  Command Center  
  25  2:28  SCV  
  25  2:29  Marine  
  27  2:40  Factory  
  27  2:47  Marine  
  28  2:55  SCV  
  28  2:56  Supply Depot  
  29  3:13  Barracks Tech Lab  
  29  3:18  Barracks  
  29  3:27  Factory Tech Lab  
  29  3:31  Orbital Command  
  29  3:38  Supply Depot  
  29  3:45  SCV  
  30  3:52  Refinery  
  32  3:55  Marauder  
  32  3:57  SCV  
  33  4:07  Supply Depot  
  33  4:09  SCV  
  34  4:10  Engineering Bay  
  34  4:18  Siege Tank  
  34  4:20  Bunker  
  34  4:21  SCV  
  40  4:24  Marauder  
  40  4:25  Concussive Shells  
  40  4:30  Barracks Reactor  
  40  4:33  SCV  
  41  4:42  Terran Infantry Weapons Level 1  
  41  4:46  SCV  
  42  4:54  Refinery  
  42  4:58  SCV  
  43  5:00  Sensor Tower  
  43  5:01  Marauder  
  45  5:10  SCV, Starport  
  46  5:16  Armory  
  46  5:22  SCV  
  46  5:23  Marine x2  
  46  5:28  Stimpack  
  49  5:34  SCV  
  50  5:36  Marauder  
  50  5:41  Marine x2  
  54  5:46  SCV  
  55  5:51  Siege Tank  
  55  5:56  Starport Reactor  
  58  5:58  SCV  
  59  6:04  Marine x2  
  59  6:10  SCV  
  62  6:16  Terran Vehicle Weapons Level 1  
  62  6:22  Marine x2  
  62  6:23  Siege Tank  
  62  6:25  Supply Depot  
  67  6:35  Medivac  
  69  6:40  Marine  
  69  6:45  Marine, Medivac  
  73  6:52  Supply Depot  
  73  6:57  Marine  
  74  7:02  Marauder  
  74  7:03  Marine  
  74  7:05  Medivac  
  79  7:15  Medivac  
  81  7:17  Supply Depot  
  81  7:23  Marine x2, Marauder  
  85  7:35  Medivac  
  87  7:41  Marine x2  
  89  7:45  Medivac, Marauder  
  56  8:19  Marine  
  51  8:22  Marine x2  
Tags
 
Add a new tag
Caveats
  • Supply blocks, unpowered buildings, or Contaminate may cause inaccurate times.
  • Supply counts are checked every 10 seconds.